 Dungeon Crawl Stone Soup version 0.28-a0-1190-g77e1c55843 (webtiles) character file.

Game seed: 6680979037710649195

36813 wakim the Grappler (level 13, -4/133 HPs)
             Began as a Troll Hunter on Dec 18, 2021.
             Was an Elder of Fedhas.
             Shot with an arrow by Nessos (13 damage)
             ... on level 6 of the Lair of Beasts.
             The game lasted 01:36:00 (13954 turns).

wakim the Grappler (Troll Hunter)                  Turns: 13954, Time: 01:36:00

Health: -4/133     AC: 11    Str: 23    XL:     13   Next: 55%
Magic:  18/18      EV: 12    Int:  7    God:    Fedhas [****..]
Gold:   2084       SH:  0    Dex: 14    Spells: 12/12 levels left

rFire   . . .      SeeInvis .     - Unarmed
rCold   . . .      Faith    .   (no shield)
rNeg    . . .      Spirit   .   b - +0 robe
rPois   +          Reflect  .   O - +0 hat
rElec   .          Harm     .   l - +2 cloak
rCorr   .          Rampage  .   (gloves unavailable)
Will    .....                   (boots unavailable)
Stlth   +.........              p - amulet of magic regeneration
HPRegen 1.12/turn               W - +4 ring of protection
MPRegen 0.56/turn               f - ring of poison resistance

@: lethally poisoned (-4 -> -19)
A: large, unfitting armour, claws 3, regeneration 1, shaggy fur 1, tough skin 1
a: Renounce Religion, Wall of Briars, Grow Ballistomycete, Overgrow


You were on level 6 of the Lair of Beasts.
You worshipped Fedhas.
Fedhas was greatly pleased with you.
You visited 3 branches of the dungeon, and saw 18 of its levels.

You collected 2084 gold pieces.

Inventory:

Missiles
 c - 9 large rocks {=f}
 m - 2 throwing nets {=f!f}
 L - 16 poisoned darts (quivered)
 Z - 8 boomerangs
Armour
 b - a +0 robe (worn)
 l - a +2 cloak (worn)
 O - a +0 hat (worn)
Jewellery
 f - a ring of poison resistance (right claw)
 n - a ring of protection from cold
 o - a ring of protection from fire
 p - an amulet of magic regeneration (around neck)
 D - a ring of protection from cold
 S - a ring of willpower
 W - a +4 ring of protection (left claw)
Wands
 t - a wand of digging (7)
 y - a wand of paralysis (9)
 z - a wand of polymorph (13)
 Q - a wand of flame (24)
Scrolls
 H - 2 scrolls of fog {unknown}
 R - 6 scrolls of magic mapping {!r}
 T - 10 scrolls of teleportation
 U - 3 scrolls of vulnerability {unknown}
 V - a scroll of fear {unknown}
 Y - 2 scrolls of blinking {!r}
Potions
 B - 4 potions of attraction {!q}
 C - a potion of berserk rage {!q}
 F - 6 potions of curing
 G - 5 potions of flight
 I - a potion of invisibility
 J - 4 potions of heal wounds
 K - a potion of magic
 M - 2 potions of mutation {!q}
 N - a potion of might
Miscellaneous
 v - a lightning rod (3/4)
 w - a phial of floods


   Skills:
 + Level 9.9 Fighting
 + Level 11.7 Throwing
 * Level 6.6 Dodging
 - Level 0.3 Stealth
 - Level 12.0 Unarmed Combat
 - Level 8.0 Invocations
 + Level 2.5 Evocations


You had 12 spell levels left.
You didn't know any spells.
Your spell library contained the following spells:

 Spells                   Type           Power      Damage    Failure   Level
 Sting                    Tmut/Pois      0%         1d3       43%         1
 Blink                    Tloc           0%         N/A       56%         2
 Ensorcelled Hibernation  Hex/Ice        0%         N/A       56%         2
 Poisonous Vapours        Pois/Air       0%         N/A       56%         2
 Sublimation of Blood     Necr           0%         N/A       56%         2
 Frozen Ramparts          Ice            0%         1d2       80%         3
 Portal Projectile        Hex/Tloc       0%         N/A       80%         3
 Tukima's Dance           Hex            0%         N/A       80%         3
 Olgreb's Toxic Radiance  Pois           0%         N/A       99%         4
 Passage of Golubria      Tloc           0%         N/A       99%         4
 Petrify                  Tmut/Erth      0%         N/A       99%         4
 Blade Hands              Tmut           0%         N/A       100%        5
 Excruciating Wounds      Necr           0%         N/A       100%        5
 Irradiate                Conj/Tmut      0%         3d13      100%        5
 Manifold Assault         Tloc           0%         N/A       100%        5
 Yara's Violent Unravell  Hex/Tmut       0%         3d3       100%        5
 Ozocubu's Refrigeration  Ice            0%         4d5       100%        7
 Storm Form               Tmut/Air       0%         N/A       100%        7
 Polar Vortex             Ice            0%         N/A       100%        9


Dungeon Overview and Level Annotations

Branches:
Dungeon (11/15)            Temple (1/1) D:6            Lair (6/6) D:11
 Shoals (0/4) Lair:3        Snake (0/4) Lair:3
  Slime: Lair:5-6       Orc: D:9-12

Altars:
Cheibriados
Fedhas
Hepliaklqana
Nemelex Xobeh
Okawaru
Qazlal
Ru
Sif Muna
Trog
Vehumet
Xom
Yredelemnul
Zin
The Shining One

Shops:
D:2 [   D:3 :

Annotations:
D:4 2 runed translucent doors, Crazy Yiuf; bmj180's ghost, amateur DrCj
D:11 3 runed translucent doors, Voker57's ghost, journeyman SpBe
Lair:6 Nessos


Innate Abilities, Weirdness & Mutations

You are too large for most types of armour.
You have claws for hands.
Your natural rate of healing is unusually fast.
You are covered in fur. (AC +1)
You have tough skin. (AC +1)


Message History

Nessos is heavily wounded.
Nessos hits you with the +4 dagger "Morg" {pain, Will+ Int+5}.
You writhe in agony.
Nessos barely misses you.
You barely miss Nessos.
Nessos is heavily wounded.
Nessos hits you with the +4 dagger "Morg" {pain, Will+ Int+5}.
You writhe in agony.
Nessos kicks you but does no damage.
Nessos hits you with the +4 dagger "Morg" {pain, Will+ Int+5}.
* * * LOW HITPOINT WARNING * * *
You writhe in agony.
* * * LOW HITPOINT WARNING * * *
Nessos kicks you but does no damage.
You claw Nessos! x2
Nessos is severely wounded.
Nessos misses you. Nessos kicks you but does no damage.
Nessos mumbles some strange words.
Nessos blinks!
Aiming: Paralyse
Press: ? - help, Shift-Dir - straight line, f - Nessos
Aim: Nessos, wielding the +4 dagger "Morg" {pain, Will+ Int+5}, wearing a +1 barding, quivering arrows and carrying a wand of iceblast (4) (severely wounded, fast, chance to affect: 21%)
Okay, then.
Okay, then.
Aiming: Thunderbolt
Press: ? - help, Shift-Dir - straight line, f - Nessos
Aim: Nessos, wielding the +4 dagger "Morg" {pain, Will+ Int+5}, wearing a +1 barding, quivering arrows and carrying a wand of iceblast (4) (severely wounded, fast)
The thunderbolt hits Nessos!
Nessos is almost dead.
You hear a bleat! x2; You hear a croak.
You hear a bleat! x2
Nessos unwields the +4 dagger "Morg" {pain, Will+ Int+5}.
Nessos wields a +3 longbow of flaming.
It bursts into flame!
Nessos shoots an arrow.
The arrow hits you!!
* * * LOW HITPOINT WARNING * * *
The arrow burns you.
You are poisoned.
* * * LOW HITPOINT WARNING * * *
Nessos shoots an arrow.
The arrow hits you!!
* * * LOW HITPOINT WARNING * * *
The arrow burns you!
You die...
Fedhas appreciates your contribution to the ecosystem.

#.......=......#.#
###.......#.†....#
#...^...####....##
#P...#### ##...P#
#....# #.....#
#.c..## #.....#
#.....# ##....#
##.(..## #...##
#.@(..# #..<.#
###§..# ##...##
....# #P...##
<...# ##....#
....## #....#
.c### ####..P.#
Y.. #.......#
##...P..#
###.....##


You could see Nessos (fast).

Vanquished Creatures
  Gastronok (Lair:2)
  A boulder beetle (D:10)
  4 hydras
  2 catoblepae
  A two-headed ogre (D:9)
  Pikel (D:7)
  A lindwurm (Lair:2)
  A cyclops (D:11)
  8 elephants
  2 centaur zombies (D:11)
  A manticore (D:11)
  Joseph (D:7)
  3 black mambas
  A gargoyle (D:10)
  12 cane toads
  4 komodo dragons
  An unseen horror (D:11)
  4 rime drakes
  5 polar bears
  A wind drake (Lair:6)
  3 blink frogs
  Prince Ribbit (D:6)
  5 dream sheep (Lair:3)
  A snapping turtle (Lair:6)
  Sigmund (D:6)
  A wraith (D:11)
  A shadow (D:9)
  36 yaks
  2 basilisks
  A steam dragon (D:8)
  Edmund (D:5)
  6 vampire mosquitoes (D:11)
  2 nagas (Lair:3)
  13 water moccasins
  2 sky beasts (D:5)
  3 orc warriors
  3 black bears
  2 ogres
  9 wolves
  8 centaurs
  A phantom (D:5)
  A lemure (D:7)
  2 kobold brigands
  8 bullfrogs
  2 scorpions
  A water moccasin zombie (D:4)
  10 killer bees
  3 wights (D:9)
  2 howler monkeys
  2 electric eels (D:9)
  A jelly (D:7)
  3 hounds
  2 bullfrog skeletons
  3 orc priests
  2 gnoll shamans
  3 iguanas
  7 orc wizards
  7 hell rats (Lair:2)
  2 killer bee zombies
  A hound zombie (D:4)
  Robin (D:4)
  7 gnolls
  7 adders
  A shadow imp (D:6)
  A white imp (D:7)
  An adder zombie (D:4)
  An adder skeleton (D:4)
  2 dart slugs
  24 orcs
  7 ball pythons
  6 endoplasms
  A giant cockroach (D:3)
  9 hobgoblins
  4 jackals
  12 kobolds
  A quokka (D:1)
  7 bats
  5 frilled lizards
  16 goblins
  2 quokka zombies (D:4)
  A rat (D:3)
335 creatures vanquished.

Vanquished Creatures (collateral kills)
  2 hydras (Lair:6)
  2 elephants (Lair:6)
  A komodo dragon (Lair:6)
  A blink frog (Lair:6)
  5 ballistomycete spores (Lair:6)
11 creatures vanquished.

Vanquished Creatures (others)
  A bush (Lair:2)
  42 fungi
  84 plants
127 creatures vanquished.

Grand Total: 473 creatures vanquished

Notes
Turn   | Place    | Note
-------+----------+-------------------------------------------
     0 | D:1      | wakim the Troll Hunter began the quest for the Orb.
     0 | D:1      | Reached XP level 1. HP: 19/19 MP: 0/0
   144 | D:1      | Reached skill level 1 in Unarmed Combat
   179 | D:1      | Reached XP level 2. HP: 28/28 MP: 1/1
   570 | D:2      | Reached XP level 3. HP: 23/35 MP: 2/2
   644 | D:2      | Reached skill level 2 in Unarmed Combat
   708 | D:2      | Reached XP level 4. HP: 28/42 MP: 3/3
   735 | D:2      | Found Tappucij's Antique Armour Emporium.
  1370 | D:3      | Found Gime's Book Shoppe.
  1380 | D:3      | Reached skill level 3 in Unarmed Combat
  1961 | D:4      | Reached XP level 5. HP: 30/50 MP: 4/4
  2074 | D:4      | Found a runed translucent door.
  2079 | D:4      | Noticed bmj180's ghost (amateur DrCj)
  2150 | D:4      | Found a runed translucent door.
  2151 | D:4      | Noticed Crazy Yiuf
  2183 | D:4      | Reached skill level 4 in Unarmed Combat
  2244 | D:4      | Noticed Robin
  2282 | D:4      | Reached XP level 6. HP: 58/59 MP: 5/5
  2283 | D:4      | Killed Robin
  2923 | D:5      | Entered Level 5 of the Dungeon
  2961 | D:5      | Reached skill level 5 in Throwing
  2961 | D:5      | Reached skill level 5 in Unarmed Combat
  2961 | D:5      | Reached XP level 7. HP: 64/67 MP: 6/6
  3311 | D:5      | Reached skill level 6 in Unarmed Combat
  3450 | D:5      | Noticed Edmund
  3469 | D:5      | Killed Edmund
  3470 | D:5      | Reached XP level 8. HP: 74/78 MP: 7/7
  3869 | D:6      | Reached skill level 7 in Unarmed Combat
  4007 | D:6      | Noticed Prince Ribbit
  4039 | D:6      | Killed Prince Ribbit
  4254 | D:6      | Found a staircase to the Ecumenical Temple.
  4262 | Temple   | Entered the Ecumenical Temple
  4275 | Temple   | Became a worshipper of Fedhas Madash
  4300 | D:6      | Noticed Sigmund
  4337 | D:6      | Killed Sigmund
  4338 | D:6      | Reached skill level 5 in Fighting
  4338 | D:6      | Reached skill level 8 in Unarmed Combat
  4595 | D:7      | Reached XP level 9. HP: 63/88 MP: 8/8
  4884 | D:7      | Noticed Pikel
  4901 | D:7      | Killed Pikel
  5026 | D:7      | Noticed Joseph
  5153 | D:7      | Killed Joseph
  5154 | D:7      | Reached skill level 9 in Unarmed Combat
  5398 | D:7      | Found an iron altar of Okawaru.
  5570 | D:8      | Identified a scroll of acquirement
  5570 | D:8      | Acquired 1082 gold pieces
  5676 | D:8      | Reached * piety under Fedhas
  5901 | D:8      | Reached skill level 10 in Unarmed Combat
  6245 | D:9      | Noticed a two-headed ogre
  6268 | D:9      | Killed a two-headed ogre
  6269 | D:9      | Reached skill level 1 in Invocations
  6269 | D:9      | Reached XP level 10. HP: 75/98 MP: 8/10
  6478 | D:9      | You fall into a shaft and drop 1 floor!
  6478 | D:10     | Entered Level 10 of the Dungeon
  6478 | D:10     | Noticed a boulder beetle
  6493 | D:10     | Killed a boulder beetle
  6628 | D:9      | Reached ** piety under Fedhas
  7053 | D:10     | Noticed a gargoyle
  7067 | D:10     | Killed a gargoyle
  7348 | D:10     | Reached skill level 5 in Invocations
  7520 | D:10     | Reached XP level 11. HP: 95/109 MP: 14/14
  7892 | D:11     | Reached skill level 11 in Unarmed Combat
  7902 | D:11     | Reached *** piety under Fedhas
  8033 | D:11     | Found a staircase to the Lair.
  8084 | D:11     | Got the Compendium of the Snowflakes
  8398 | D:11     | Found a runed translucent gate.
  8398 | D:11     | Found a runed translucent gate.
  8589 | D:11     | Noticed a great orb of eyes
  8591 | D:11     | Noticed Voker57's ghost (journeyman SpBe)
  8592 | D:11     | Found a runed translucent gate.
  8655 | Lair:1   | Entered Level 1 of the Lair of Beasts
  9184 | Lair:1   | Noticed an eight-headed hydra
  9189 | Lair:1   | Killed an eight-headed hydra
  9574 | Lair:1   | Reached **** piety under Fedhas
  9575 | Lair:1   | Reached XP level 12. HP: 61/119 MP: 15/17
  9681 | Lair:2   | Noticed Gastronok
  9692 | Lair:2   | Killed Gastronok
  9695 | Lair:2   | Reached skill level 12 in Unarmed Combat
  9894 | Lair:2   | Reached skill level 10 in Throwing
 10252 | Lair:2   | Noticed a catoblepas
 10428 | Lair:2   | Noticed a catoblepas
 10486 | Lair:2   | Killed a catoblepas
 11069 | Lair:3   | Noticed a catoblepas
 11598 | Lair:3   | Identified the +5 trident of Context {vorpal, rPois}
 11606 | Lair:3   | Found a staircase to the Snake Pit.
 11637 | Lair:3   | Reached ***** piety under Fedhas
 12010 | Lair:3   | Killed a catoblepas
 12231 | Lair:3   | Found a staircase to the Shoals.
 12524 | Lair:4   | Reached XP level 13. HP: 110/131 MP: 18/18
 12623 | Lair:4   | Reached skill level 5 in Dodging
 12797 | Lair:4   | Reached skill level 1 in Evocations
 13198 | Lair:4   | You fall into a shaft and drop 2 floors!
 13198 | Lair:6   | Entered Level 6 of the Lair of Beasts
 13665 | Lair:6   | HP: 6/133 [blink frog (10)]
 13941 | Lair:6   | Noticed Nessos
 13954 | Lair:6   | Shot with an arrow by Nessos

Illustrated notes

Levels and vault maps discovered:
D:1:      matt_arrival_los_fun, layout_rooms, minivault_14, solitary_fountain,
          st_stairs_2, minmay_statues_item
D:2:      layout_basic, serial_rivers, chequers_serial_rivers_micro_e,
          chequers_serial_rivers_micro_e, chequers_serial_rivers_large_a,
          chequers_serial_rivers_micro_b, chequers_serial_rivers_small_b,
          chequers_serial_rivers_micro_d, serial_shops, nicolae_shop_trees,
          st_stairs_5
D:3:      layout_loops_ring, serial_shops, shop, nicolae_elevator_lobby_asterisk
D:4:      kennysheep_goblin_castle, layout_gridville, serial_undead,
          serial_undead_b, serial_undead_d, serial_undead_d, serial_undead_e,
          ebering_ghost_sewer_d, nicolae_concentric_dashed_squares_mild,
          uniq_crazy_yiuf_cottage
D:5:      layout_loops_ring, uniq_edmund
D:6:      layout_rooms, minmay_temple_entry_purple_smoke, uniq_sigmund,
          uniq_prince_ribbit1
D:7:      layout_gridville, okawaru_gym_becter, uniq_pikel, uniq_joseph
D:8:      layout_loops_ring
D:9:      layout_basic
D:10:     layout_big_octagon, blue_anna_alchemist
D:11:     layout_roguey, lair_entry_dummy, gammafunk_ghost_ooze
Temple:   grunt_wide_crystal_templ
Lair:1:   layout_regular_city
Lair:2:   layout_roguey, uniq_gastronok
Lair:3:   layout_layer_cave, minmay_shoals_entry_centaurs,
          guppyfry_snake_entry_island
Lair:4:   layout_roguey, grunt_megastairs_5
Lair:5:   layout_loops_ring, minmay_slime_entry_oklob_enclosed, minivault_25,
          serial_bayou_ford_a
Lair:6:   gammafunk_lair_ancient_temple, layout_concentric_octagons,
          chequers_serial_rivers_micro_c, uniq_nessos

Skill      XL: |  1  2  3  4  5  6  7  8  9 10 11 12 13 |
---------------+----------------------------------------+-----
Unarmed Combat | 1 2 3 4 5 6 8 10 11 12 | 12.0
Fighting       | 2 3 4 5 6 7 8 9 |  9.9
Throwing       | 4 5 6 7 8 9 11 | 11.7
Invocations    | 1 5 8 |  8.0
Dodging        | 4 6 |  6.6
Evocations     | 2 |  2.5
Stealth        | |  0.3

Action                   |  1- 3 |  4- 6 |  7- 9 | 10-12 | 13-15 || total
-------------------------+-------+-------+-------+-------+-------++-------
Melee: Short sword       |    10 |       |       |       |       ||    10
       Unarmed           |    71 |   171 |   221 |   562 |   141 ||  1166
       Punch             |     1 |     1 |    10 |    48 |     8 ||    68
Throw: Dart              |       |       |    50 |    29 |    10 ||    89
       Boomerang         |       |       |     2 |    49 |    23 ||    74
       Large rock        |       |       |       |     5 |     5 ||    10
Invok: Wall of Briars    |       |       |       |     2 |       ||     2
       Grow Ballistomyce |       |       |       |       |     1 ||     1
       Overgrow          |       |       |       |       |     1 ||     1
       Grow Oklob        |       |       |       |       |     1 ||     1
Evoke: Lightning rod     |       |       |       |     6 |     1 ||     7
       Phial of floods   |       |       |       |     1 |       ||     1
       Wand              |       |       |       |       |     1 ||     1
  Use: Scroll            |       |       |    17 |     4 |     2 ||    23
       Potion            |       |       |       |       |     3 ||     3
 Stab: Sleeping          |     1 |     1 |       |     1 |       ||     3
       Confused          |       |       |       |       |     1 ||     1
Armor: Robe              |    35 |    66 |    60 |   202 |    97 ||   460
Dodge: Dodged            |    38 |    84 |   103 |   265 |   123 ||   613

Table legend: (Time is in decaauts)
 A = Elapsed time spent in this place.
 B = Non-inter-level travel time spent in this place.
 C = Inter-level travel time spent in this place.
 D = Time resting spent in this place.
 E = Time spent auto-exploring this place.
 F = Levels seen in this place.
 G = Mean time per level.
                   A        B        C        D        E       F      G
               +--------+--------+--------+--------+--------+-----+--------+
         Total |  13775 |  11978 |   1797 |   1696 |   1132 |  18 |  765.3 |
       Dungeon |   8554 |   7392 |   1162 |    416 |    913 |  11 |  777.6 |
        Temple |     22 |     14 |      8 |      0 |      2 |   1 |   22.0 |
          Lair |   5197 |   4570 |    627 |   1280 |    216 |   6 |  866.2 |
               +--------+--------+--------+--------+--------+-----+--------+

Top non-repeatable levels by time:
  Lair:2: 1549 daAuts
  Lair:1: 1138 daAuts
     D:4: 1096 daAuts
  Lair:3: 1019 daAuts
     D:7: 950 daAuts
    D:11: 950 daAuts
     D:5: 917 daAuts
    D:10: 770 daAuts
  Lair:4: 752 daAuts
  Lair:6: 732 daAuts
     D:8: 711 daAuts
     D:6: 694 daAuts
     D:2: 665 daAuts
     D:3: 647 daAuts
     D:9: 636 daAuts
